 Dungeon Crawl Stone Soup version 0.20.0-15-g7f486f2 (webtiles) character file.

95 greprep the Sneak (level 4, -5/27 HPs)
             Began as an Octopode Enchanter on June 28, 2017.
             Slain by a goblin (6 damage)
             ... led by Robin
             ... on level 2 of the Dungeon.
             The game lasted 00:04:19 (1936 turns).

greprep the Sneak (Octopode Enchanter)              Turns: 1936, Time: 00:04:20

Health: -5/27      AC:  1    Str:  7    XL:     4   Next: 65%
Magic:  1/7        EV: 14    Int: 18    God:
Gold:   33         SH:  0    Dex: 12    Spells: 1/7 levels left

rFire    . . .     SeeInvis .   h - +0 short sword (speed)
rCold    . . .     Gourm    .   (no shield)
rNeg     . . .     Faith    .   (helmet restricted)
rPois    .         Spirit   .   (no amulet)
rElec    .         Reflect  .   (no ring)
rCorr    .         Harm     .   (no ring)
MR       .....                  (no ring)
Stlth    ++++......             (no ring)
Regen    0.1/turn               (no ring)
MPRegen  0.1/turn               (no ring)
                                (no ring)
                                (no ring)

@: very slightly contaminated
A: almost no armour, stealthy swim, amphibious, 8 rings, constrict 8, camouflage
1, gelatinous body 1
a: no special abilities


You were on level 2 of the Dungeon.
You were hungry.

You visited 1 branch of the dungeon, and saw 2 of its levels.

You collected 33 gold pieces.

Inventory:

Hand Weapons
 a - a +1 dagger
 h - a +0 short sword of speed (weapon)
Scrolls
 d - a scroll of teleportation
 g - a scroll of enchant weapon
Potions
 i - a potion of agility {unknown}
 l - a potion of brilliance {unknown}
 o - a potion of curing {unknown}
Books
 b - a book of Maledictions

   Spells                             Type                      Level
   a - Corona                         Hexes                        1
   b - Ensorcelled Hibernation        Hexes/Ice                    2
   c - Confuse                        Hexes                        3
   d - Tukima's Dance                 Hexes                        3
   e - Dazzling Spray                 Conjuration/Hexes            3
Comestibles
 c - 3 bread rations
 f - a royal jelly
 n - a meat ration


   Skills:
 - Level 1.0 Short Blades
 + Level 3.1 Dodging
 + Level 6.2 Stealth
 - Level 2.0 Spellcasting
 - Level 3.0 Hexes
 + Level 0.6 Ice Magic


You had one spell level left.
You knew the following spells:

 Your Spells              Type           Power        Failure   Level  Hunger
a - Corona                Hex            ##.....      5%          1    #......
b - Ensorcelled Hibernat  Hex/Ice        #.....       13%         2    ###....
c - Confuse               Hex            ##......     16%         3    ###....


Dungeon Overview and Level Annotations

Branches:
Dungeon (2/15)

Altars:
Dithmenos
The Shining One


Innate Abilities, Weirdness & Mutations

You cannot wear most types of armour.
You are very stealthy in the water. (Stealth+)
You are amphibious.
You can wear up to eight rings at the same time.
You can use your tentacles to constrict eight enemies at once.
Your skin changes colour to match your surroundings (Stealth+).
Your rubbery body absorbs attacks. (AC +1, EV +1)


Message History

The goblin hits you.
* * * LOW HITPOINT WARNING * * *
You hit Robin.
Robin is moderately wounded.
You constrict Robin, but do no damage. The goblin hits you with a dagger.
* * * LOW HITPOINT WARNING * * *
Robin roars a battlecry!
Casting: Ensorcelled Hibernation
Confirm with . or Enter, or press ? or * to list all spells.
Aiming: Ensorcelled Hibernation
Press: ? - help, Shift-Dir - straight line, f/p - Robin
Aim: Robin, wielding a club, wearing an animal skin, wearing a helmet and carrying a wand of flame (?/48) {zapped: 2} (moderately wounded, constricted by you, fast, chance to defeat MR: 49%) Robin looks drowsy...
You constrict Robin, but do no damage. The goblin closely misses you.
The goblin hits you with a dagger.
* * * LOW HITPOINT WARNING * * *
The helpless Robin fails to defend herself.
You puncture Robin!
You kill Robin!
The goblin hits you.
You die...

.............#############.......
.......#.#...# #....'.......
........_....# #.####.......
##.....#.#...# ##.# #.......
##......###.#######..# #.......
##....## #....#.....# #.......
§§≈##...# #..#.#..#..####.######
.§§≈##..####gg.).g###............
...≈≈##.....).##@.###).##..######
....§§#.......###g.#..###........
.....≈#........##.....##....####.
§....§#..g............).....# #.
≈§≈§..'.ggg..##.........##..# #.
≈≈≈≈..'.....####..._...####.####.
..§..≈#......##.........##...=.#.
....§≈#.....................##.#.
..§.§§#........##.....##...###<#.


You could see 4 goblins.

Vanquished Creatures
  Robin (D:2)
  An adder (D:2)
  2 dart slugs (D:1)
  5 leopard geckos
  10 giant cockroaches
  11 goblins
  6 hobgoblins
  7 jackals
  A quokka (D:2)
  2 ball pythons (D:1)
  A bat (D:1)
  7 kobolds
  2 rats
56 creatures vanquished.

Notes
Turn   | Place    | Note
-------+----------+-------------------------------------------
     0 | D:1      | greprep the Octopode Enchanter began the quest for the Orb.
     0 | D:1      | Reached XP level 1. HP: 11/11 MP: 3/3
   159 | D:1      | Reached XP level 2. HP: 12/17 MP: 5/5
   200 | D:1      | Learned a level 2 spell: Ensorcelled Hibernation
   524 | D:1      | Reached XP level 3. HP: 15/21 MP: 6/6
   656 | D:1      | Learned a level 3 spell: Confuse
   667 | D:1      | Reached skill level 5 in Stealth
  1256 | D:2      | Reached XP level 4. HP: 21/27 MP: 7/7
  1257 | D:2      | Noticed Robin
  1499 | D:2      | Reached skill level 6 in Stealth
  1561 | D:2      | Found a shadowy altar of Dithmenos.
  1574 | D:2      | Found a glowing golden altar of the Shining One.
  1935 | D:2      | HP: 1/27 [goblin/dagger[Robin] (4)]
  1936 | D:2      | Killed Robin
  1936 | D:2      | Slain by a goblin

Skill      XL: |  1  2  3  4 |
---------------+-------------+-----
Stealth        | 5 6 |  6.2
Dodging        | 3 |  3.1
Short Blades   | |  1.0
Spellcasting   | |  2.0
Hexes          | |  3.0
Ice Magic      | |  0.6

Action                   |  1- 3 |  4- 6 || total
-------------------------+-------+-------++-------
Melee: Dagger            |    47 |       ||    47
       Constrict         |    17 |     9 ||    26
       Tentacles         |    15 |     3 ||    18
       Short sword       |    34 |    35 ||    69
 Cast: Ensorcelled Hiber |     5 |     2 ||     7
  Use: Scroll            |       |     5 ||     5
 Stab: Sleeping          |    15 |     3 ||    18
       Distracted        |     1 |       ||     1
  Eat: Chunk             |     1 |     2 ||     3
Armor: Skin              |     5 |     2 ||     7
Dodge: Dodged            |    45 |    18 ||    63
